 Dungeon Crawl Stone Soup version 0.25-a0-707-g603da076d2 (webtiles) character file.

Game seed: 9332202228988301008, levelgen mode: deterministic

2737 kae the Grappler (level 9, -1/64 HPs)
             Began as a Green Draconian Transmuter on Apr 4, 2020.
             Was a Follower of Uskayaw.
             Slain by Harold
             ... wielding a +0 trident
              (8 damage)
             ... on level 7 of the Dungeon.
             The game lasted 00:10:12 (11003 turns).

kae the Grappler (Green Draconian Transmuter)      Turns: 11003, Time: 00:10:13

Health: -1/64      AC:  7    Str: 14    XL:     9   Next: 40%
Magic:  18/18      EV:  6    Int: 17    God:    Uskayaw [*.....]
Gold:   244        SH:  0    Dex: 13    Spells: 5/20 levels left

rFire    . . .     SeeInvis .     - Unarmed
rCold    . . .     Gourm    .   (no shield)
rNeg     + . .     Faith    .   (armour unavailable)
rPois    +         Spirit   .   (helmet restricted)
rElec    .         Reflect  .   (no cloak)
rCorr    .         Harm     .   (no gloves)
MR       .....                  (no boots)
Stlth    +.........             (no amulet)
HPRegen  0.20/turn              v - +3 ring of intelligence
MPRegen  0.16/turn              x - ring of positive energy

@: about to teleport, held
A: breathe noxious fumes, unfitting armour, poison resistance, cold-blooded, AC
+7
a: Breathe Noxious Fumes, Stomp, Renounce Religion


You were on level 7 of the Dungeon.
You worshipped Uskayaw.
Uskayaw was noncommittal.
You were hungry.

You visited 2 branches of the dungeon, and saw 8 of its levels.

You collected 280 gold pieces.
You spent 36 gold pieces at shops.

Inventory:

Missiles
 a - 66 arrows
Jewellery
 v - a +3 ring of intelligence (left hand)
 x - a ring of positive energy (right hand)
 A - an uncursed ring of fire
Wands
 n - a wand of polymorph (6)
 p - a wand of flame (35)
 q - a wand of clouds (4)
 r - a wand of disintegration (8)
 u - a wand of acid (6)
Scrolls
 f - 3 scrolls of enchant weapon
 h - 7 scrolls of remove curse
 m - a scroll of teleportation
 s - a scroll of fog
Potions
 b - 2 potions of might
 d - 2 potions of heal wounds
 e - a potion of flight
 g - a potion of invisibility
 i - 2 potions of stabbing {unknown}
 j - a potion of haste
 k - 4 potions of lignification {unknown}
 l - a potion of mutation {unknown}
 o - 4 potions of curing
 t - a potion of magic {unknown}
 w - 2 potions of brilliance {unknown}
Comestibles
 c - 22 rations


   Skills:
 - Level 1.1 Fighting
 - Level 1.7 Dodging
 * Level 9.7 Unarmed Combat
 + Level 6.2 Spellcasting
 + Level 6.7 Transmutations


You had 5 spell levels left.
You knew the following spells:

 Your Spells              Type           Power        Failure   Level  Hunger
a - Beastly Appendage     Tmut           ####..       1%          1    None
b - Sticks to Snakes      Tmut           ####....     1%          2    None
c - Spider Form           Tmut/Pois      ###.......   10%         3    ##.....
d - Ice Form              Ice/Tmut       ###.....     32%         4    ####...
e - Blade Hands           Tmut           ####......   22%         5    #####..

Your spell library contained the following spells:

 Spells                   Type           Power        Failure   Level  Hunger


Dungeon Overview and Level Annotations

Branches:
Dungeon (7/15)             Temple (1/1) D:4

Altars:
Ashenzari
Cheibriados
Dithmenos
Fedhas
Gozag
Kikubaaqudgha
Makhleb
Nemelex Xobeh
Okawaru
Qazlal
Ru
Sif Muna
Trog
Uskayaw
Vehumet
Wu Jian
Xom
Yredelemnul
Zin
The Shining One

Shops:
D:4 (*=

Annotations:
D:4 exclusion: orc priest
D:5 2 runed translucent doors, Ashen's ghost, amateur DrCj
D:6 Sigmund
D:7 1 runed translucent door, Harold; Scuka's ghost, novice GnSk


Innate Abilities, Weirdness & Mutations

You can breathe blasts of noxious fumes.
Your lurid green scales are hard. (AC +7)
You cannot fit into any form of body armour.
Your system is resistant to poisons. (rPois)
You are cold-blooded and may be slowed by cold attacks.


Message History

The bullfrog barely misses you. Harold barely misses you.
The bullfrog barely misses you.
Harold throws a throwing net.
The throwing net hits you.
You become entangled in the net!
You see here a throwing net.
You struggle against the net.
The bullfrog hits you. x2
You struggle against the net.
You are feeling hungry.
The bullfrog hits you but does no damage.
Harold hits you from afar with a +0 trident!!
You struggle against the net.
The bullfrog hits you!
* * * LOW HITPOINT WARNING * * *
Harold hits you from afar with a +0 trident.
* * * LOW HITPOINT WARNING * * *
The bullfrog hits you!
* * * LOW HITPOINT WARNING * * *
As you read the scroll of teleportation, it crumbles to dust.
You feel strangely unstable. The bullfrog closely misses you.
Harold hits you from afar with a +0 trident!
You die...

##...##
##.....##
##.......##
#.........#
+.........+
#.........#
#.....@.#
##..F..##
##.@.## ##'##
#.# ### #.#
...##.##
#.#...##
#......#
#>#...########.
#.##...........


You could see Harold and a bullfrog.

Vanquished Creatures
  Prince Ribbit (D:6)
  Grinder (D:6)
  4 yaks (D:6)
  Edmund (D:5)
  Duvessa (D:6)
  An ice beast (D:7)
  A hornet zombie (D:3)
  2 phantoms
  A centaur (D:6)
  2 ogres
  Dowan (D:6)
  4 wights
  A crimson imp (D:6)
  2 centaur skeletons (D:6)
  A gnoll shaman (D:4)
  2 hounds
  2 orc priests
  Jessica (D:2)
  An iguana (D:6)
  Terence (D:2)
  Natasha (thrice) (D:3)
  2 worker ants
  A killer bee zombie (D:6)
  A hound skeleton (D:4)
  5 gnolls (D:4)
  12 adders
  A shadow imp (D:6)
  An adder zombie (D:6)
  2 oozes (D:1)
  An adder skeleton (D:5)
  A worm (D:2)
  2 dart slugs
  3 leopard geckos
  23 orcs
  A ball python (D:4)
  4 giant cockroaches
  21 goblins
  11 hobgoblins
  12 jackals
  5 quokkas
  6 bats
  6 frilled lizards
  5 kobolds
  2 quokka skeletons
  A quokka zombie (D:7)
  8 rats
171 creatures vanquished.

Vanquished Creatures (collateral kills)
  Robin (D:2)
  2 goblins (D:2)
3 creatures vanquished.

Vanquished Creatures (others)
  3 plants (D:7)
3 creatures vanquished.

Grand Total: 177 creatures vanquished

Notes
Turn   | Place    | Note
-------+----------+-------------------------------------------
     0 | D:1      | kae the Draconian Transmuter began the quest for the Orb.
     0 | D:1      | Reached XP level 1. HP: 16/16 MP: 3/3
   145 | D:1      | Reached XP level 2. HP: 10/23 MP: 3/5
   907 | D:2      | Reached XP level 3. HP: 28/28 MP: 4/6
  1042 | D:2      | Learned a level 2 spell: Sticks to Snakes
  1046 | D:2      | Learned a level 3 spell: Spider Form
  1156 | D:2      | Reached skill level 4 in Unarmed Combat
  1517 | D:2      | Reached XP level 4. HP: 35/35 MP: 4/7
  1639 | D:2      | Noticed Robin
  1673 | D:2      | Killed Robin
  1690 | D:2      | Noticed Jessica
  1707 | D:2      | Killed Jessica
  1922 | D:2      | Noticed Terence
  1934 | D:2      | Killed Terence
  1934 | D:2      | Reached XP level 5. HP: 32/40 MP: 5/9
  1974 | D:2      | Learned a level 4 spell: Ice Form
  2517 | D:3      | Reached skill level 5 in Unarmed Combat
  2990 | D:3      | Reached XP level 6. HP: 42/47 MP: 8/10
  3110 | D:3      | Noticed Natasha
  3118 | D:3      | Killed Natasha
  3415 | D:3      | Found a stormy altar of Qazlal.
  3563 | D:3      | Noticed a hippogriff
  3769 | D:3      | Noticed Natasha
  3775 | D:3      | Killed Natasha
  4392 | D:3      | Noticed Natasha
  4400 | D:3      | Killed Natasha
  4444 | D:4      | Found Jeosibur's Jewellery Shoppe.
  4470 | D:4      | Found Waroexto's Weapon Emporium.
  4493 | D:4      | Found a staircase to the Ecumenical Temple.
  4500 | D:4      | Found a radiant altar of Vehumet.
  4511 | Temple   | Entered the Ecumenical Temple
  4586 | Temple   | Became a worshipper of Uskayaw the Reveler
  4605 | D:4      | Found Koumun's General Store.
  4615 | D:4      | Reached * piety under Uskayaw
  4636 | D:4      | Bought a potion of curing for 36 gold pieces
  5156 | D:4      | Reached skill level 6 in Unarmed Combat
  5156 | D:4      | Reached ** piety under Uskayaw
  5407 | D:4      | Your scales start taking on a lurid green colour.
  5407 | D:4      | Reached XP level 7. HP: 43/52 MP: 9/12
  5407 | D:4      | Gained mutation: Your system is resistant to poisons.
                  | (rPois) [Green Draconian growth]
  5410 | D:4      | Reached *** piety under Uskayaw
  5413 | D:4      | Reached **** piety under Uskayaw
  5727 | D:5      | Entered Level 5 of the Dungeon
  6223 | D:5      | Found a snail-covered altar of Cheibriados.
  6233 | D:5      | Found a shimmering blue altar of Sif Muna.
  6271 | D:5      | Found a large runed translucent door.
  6271 | D:5      | Found a large runed translucent door.
  6271 | D:5      | Noticed Ashen's ghost (amateur DrCj)
  6731 | D:5      | Noticed Edmund
  6762 | D:5      | Killed Edmund
  6762 | D:5      | Reached skill level 7 in Unarmed Combat
  7789 | D:6      | Noticed a yak
  7814 | D:6      | Killed a yak
  7814 | D:6      | Reached skill level 5 in Transmutations
  7814 | D:6      | Reached XP level 8. HP: 5/59 MP: 11/15
  8236 | D:6      | Noticed Dowan
  8277 | D:6      | Noticed Sigmund
  8798 | D:6      | Reached skill level 5 in Spellcasting
  8968 | D:6      | Reached skill level 8 in Unarmed Combat
  9409 | D:6      | Noticed Grinder
  9427 | D:6      | Killed Grinder
  9690 | D:6      | Noticed Prince Ribbit
  9706 | D:6      | Killed Prince Ribbit
  9972 | D:6      | Reached skill level 9 in Unarmed Combat
  9972 | D:6      | Reached XP level 9. HP: 41/64 MP: 15/17
 10493 | D:6      | Noticed Duvessa
 10537 | D:6      | Killed Duvessa
 10540 | D:6      | Killed Dowan
 10772 | D:7      | Noticed Scuka's ghost (novice GnSk)
 10777 | D:7      | Found a runed translucent door.
 10917 | D:7      | Learned a level 5 spell: Blade Hands
 10945 | D:7      | Found a blossoming altar of Fedhas.
 10993 | D:7      | Noticed Harold
 11003 | D:7      | Slain by Harold

Levels and vault maps discovered:
D:1:      erik_arrival_triangle_large, layout_basic, minmay_cut_off
D:2:      layout_loops_ring, grunt_ministairs_7,
          corexii_item_surrounded_by_moat, minmay_pentomino_s2, uniq_jessica,
          uniq_robin, uniq_terence
D:3:      minmay_razor_zed, layout_basic, lemuel_round_altar,
          kennysheep_generic_room_3, uniq_natasha
D:4:      layout_cave_pools, vehumet_altar_wand_db,
          minmay_temple_entry_large_hall, serial_shops, shop, shop,
          nicolae_shop_waterfront, serial_column_ruins, column_ruins_hut,
          column_ruins_grid_1, column_ruins_columns_dead_end,
          column_ruins_columns_straight, column_ruins_grid_1,
          column_ruins_open_large, column_ruins_columns_corner,
          column_ruins_open_small, first_ration
D:5:      layout_loops_cross, amethyst_overflow_temple_binary,
          ebering_ghost_disaster_area, uniq_edmund
D:6:      layout_layer_cave, uniq_prince_ribbit1, uniq_grinder, uniq_duvessa,
          uniq_sigmund
D:7:      layout_loops_corners, nicolae_overflow_crystal_walls,
          hellmonk_ghost_happy_afterlife, the_bakery,
          fedhas_altar_decomposition, uniq_harold
Temple:   nicolae_temple_x_marks_the_god

Skill      XL: |  1  2  3  4  5  6  7  8  9 |
---------------+----------------------------+-----
Unarmed Combat | 4 5 6 7 9 |  9.7
Transmutations | 3 4 5 6 |  6.7
Spellcasting   | 3 4 5 6 |  6.2
Fighting       | |  1.1
Dodging        | |  1.7

Action                   |  1- 3 |  4- 6 |  7- 9 || total
-------------------------+-------+-------+-------++-------
Melee: Unarmed           |   137 |   236 |   282 ||   655
       Headbutt          |     7 |     6 |     3 ||    16
       Kick              |     4 |     9 |     6 ||    19
       Tailslap          |     4 |    18 |    15 ||    37
       Punch             |     1 |     3 |     2 ||     6
 Cast: Beastly Appendage |    23 |    30 |     7 ||    60
       Spider Form       |     2 |    10 |    26 ||    38
       Sticks to Snakes  |       |     3 |     1 ||     4
       Ice Form          |       |       |     2 ||     2
Invok: Stomp             |       |       |     1 ||     1
 Abil: Breathe Noxious F |       |       |     6 ||     6
  Use: Scroll            |     1 |     7 |     6 ||    14
       Potion            |       |       |     2 ||     2
 Stab: Sleeping          |       |     1 |       ||     1
       Confused          |       |       |     7 ||     7
       Paralysed         |       |       |     5 ||     5
  Eat: Chunk             |     2 |    16 |    11 ||    29
       Ration            |       |       |     3 ||     3
Armor: Skin              |    32 |    48 |    28 ||   108
Dodge: Dodged            |    87 |   158 |   213 ||   458

Table legend:
 A = Non-vault XP
 B = Vault XP
 C = Vault XP percentage of total XP
 D = Non-vault monster count
 E = Vault monster count
 F = Vault count percentage of total count
                 A         B        C        D         E       F
            +---------+---------+-------+---------+---------+-------
      Total |    2792 |    1118 |  28.6 |     138 |      36 |  20.7
            +---------+---------+-------+---------+---------+-------
        D:1 |      28 |      12 |  30.0 |      14 |       4 |  22.2
        D:2 |      72 |     120 |  62.5 |      27 |      17 |  38.6
        D:3 |     270 |      85 |  23.9 |      26 |       9 |  25.7
        D:4 |     216 |       2 |   0.9 |      24 |       1 |   4.0
        D:5 |     344 |     164 |  32.3 |      18 |       1 |   5.3
        D:6 |    1616 |     735 |  31.3 |      26 |       4 |  13.3
        D:7 |     246 |       0 |   0.0 |       3 |       0 |   0.0
            +---------+---------+-------+---------+---------+-------
